PA
ROCKY MOUNTAIN VIBES @ CHICAGO TULA
08/31/2041
 
TOP OF THE 1ST
Rocky Mountain Vibes batting - Pitching for Chicago Tula : RHP Tomás Ramírez
Pitching: RHP Tomás Ramírez
Batting: RHB Magnus Fjord 0-0: Called Strike
0-1: SINGLE (Line Drive, 9S, EV 96.2 MPH)
Batting: RHB Ramón Semprún 0-0: DOUBLE (Groundball, 5L, EV 100.6 MPH)
Magnus Fjord to third
Batting: RHB Benoît Baudry 0-0: Ground out U3 (Groundball, 3L, EV 86.9 MPH)
Batting: SHB William Anderson 0-0: Foul Ball, location: 2F
0-1: Ball
1-1: Ball
2-1: Foul Ball, location: 2F
2-2: Foul Ball, location: 2F
2-2: Ball
3-2: Foul Ball, location: 2F
3-2: Strikes out swinging
Batting: RHB Uoti Vaijärvi 0-0: Ground out 5-3 (Groundball, 56, EV 95.6 MPH)
Top of the 1st over - 0 runs, 2 hits, 0 errors, 2 left on base; Rocky Mountain 0 - Chicago 0
BOTTOM OF THE 1ST
Chicago Tula batting - Pitching for Rocky Mountain Vibes : RHP Juan Carmona
Pitching: RHP Juan Carmona
Batting: LHB Greg Rogers 0-0: Ball
1-0: Called Strike
1-1: Ball
2-1: Foul Ball, location: 2F
2-2: Ground out 4-3 (Groundball, 4, EV 90.6 MPH)
Batting: RHB Guillermo Dettori 0-0: Ball
1-0: Ground out 6-3 (Groundball, 6S, EV 85.0 MPH)
Batting: LHB Carlos Díaz 0-0: Called Strike
0-1: Ball
1-1: Called Strike
1-2: Strikes out swinging
Bottom of the 1st over - 0 runs, 0 hits, 0 errors, 0 left on base; Rocky Mountain 0 - Chicago 0
TOP OF THE 2ND
Rocky Mountain Vibes batting - Pitching for Chicago Tula : RHP Tomás Ramírez
Batting: LHB Alexandre Prost 0-0: Ball
1-0: Swinging Strike
1-1: Foul Ball, location: 2F
1-2: Strikes out looking
Batting: RHB Mark Fontenot 0-0: Ball
1-0: Ground out 6-3 (Groundball, 6M, EV 82.5 MPH)
Batting: RHB Daniel Morel 0-0: Called Strike
0-1: Swinging Strike
0-2: Foul Ball, location: 2F
0-2: Ball
1-2: Strikes out swinging
Top of the 2nd over - 0 runs, 0 hits, 0 errors, 0 left on base; Rocky Mountain 0 - Chicago 0
BOTTOM OF THE 2ND
Chicago Tula batting - Pitching for Rocky Mountain Vibes : RHP Juan Carmona
Batting: RHB Henry Dalton 0-0: Fly out, F8 (Flyball, 78S, EV 78.8 MPH)
Batting: RHB Sergio Dávalos 0-0: Ball
1-0: Called Strike
1-1: Ball
2-1: Foul Ball, location: 2F
2-2: Fly out, F6 (Line Drive, 6, EV 68.1 MPH)
Batting: RHB Jeff Weber 0-0: Ground out 6-3 (Groundball, 6, EV 80.0 MPH)
Bottom of the 2nd over - 0 runs, 0 hits, 0 errors, 0 left on base; Rocky Mountain 0 - Chicago 0
TOP OF THE 3RD
Rocky Mountain Vibes batting - Pitching for Chicago Tula : RHP Tomás Ramírez
Batting: RHB Juan Rea 0-0: Ball
1-0: Called Strike
1-1: Ball
2-1: Fly out, F3 (Popup, 3F, EV 72.5 MPH)
Batting: RHB Magnus Fjord 0-0: Ball
1-0: SINGLE (Groundball, 56D, EV 97.5 MPH)
Batting: RHB Ramón Semprún 0-0: Ball
1-0: Ball
2-0: Foul Ball, location: 2F
2-1: Ground out 5-3 (Groundball, 5S, EV 72.5 MPH)
Magnus Fjord to second
Batting: RHB Benoît Baudry 0-0: Fly out, F8 (Line Drive, 8RM, EV 87.5 MPH)
Top of the 3rd over - 0 runs, 1 hit, 0 errors, 1 left on base; Rocky Mountain 0 - Chicago 0
BOTTOM OF THE 3RD
Chicago Tula batting - Pitching for Rocky Mountain Vibes : RHP Juan Carmona
Batting: RHB John Montgomery 0-0: Ball
1-0: Called Strike
1-1: Foul Ball, location: 2F
1-2: Foul Ball, location: 2F
1-2: Ball
2-2: Strikes out looking
Batting: RHB Jorge Díaz 0-0: Foul Ball, location: 2F
0-1: Foul Ball, location: 2F
0-2: Ball
1-2: Strikes out swinging
Batting: RHB Cédric Dumas 0-0: Called Strike
0-1: Ball
1-1: Ball
2-1: Foul Ball, location: 2F
2-2: Ball
3-2: Foul Ball, location: 2F
3-2: Strikes out swinging
Bottom of the 3rd over - 0 runs, 0 hits, 0 errors, 0 left on base; Rocky Mountain 0 - Chicago 0
TOP OF THE 4TH
Rocky Mountain Vibes batting - Pitching for Chicago Tula : RHP Tomás Ramírez
Batting: SHB William Anderson 0-0: Ball
1-0: Ball
2-0: Called Strike
2-1: Foul Ball, location: 2F
2-2: Foul Ball, location: 2F
2-2: Fly out, F9 (Flyball, 89M, EV 94.4 MPH)
Batting: RHB Uoti Vaijärvi 0-0: Foul Ball, location: 2F
0-1: Foul Ball, location: 2F
0-2: Foul Ball, location: 2F
0-2: Ball
1-2: Ball
2-2: Ball
3-2: Fly out, F7 (Flyball, 78M, EV 79.4 MPH)
Batting: LHB Alexandre Prost 0-0: Ball
1-0: Called Strike
1-1: Ball
2-1: Ball
3-1: Foul Ball, location: 2F
3-2: Base on Balls
Batting: RHB Mark Fontenot 0-0: Ball
1-0: Foul Ball, location: 2F
1-1: Foul Ball, location: 2F
1-2: Fly out, F8 (Line Drive, 8LM, EV 88.8 MPH)
Top of the 4th over - 0 runs, 0 hits, 0 errors, 1 left on base; Rocky Mountain 0 - Chicago 0
BOTTOM OF THE 4TH
Chicago Tula batting - Pitching for Rocky Mountain Vibes : RHP Juan Carmona
Batting: LHB Greg Rogers 0-0: Ball
1-0: Foul Ball, location: 2F
1-1: Called Strike
1-2: Ball
2-2: Foul Ball, location: 2F
2-2: Ball
3-2: DOUBLE (Line Drive, 89M, EV 92.5 MPH)
Batting: RHB Guillermo Dettori 0-0: Ball
Wild Pitch!
Greg Rogers to third
1-0: Ball
2-0: Called Strike
2-1: Ball
3-1: Swinging Strike
3-2: Strikes out looking
Batting: LHB Carlos Díaz 0-0: Ball
1-0: Ball
2-0: Ball
3-0: Base on Balls
Batting: RHB Henry Dalton 0-0: Called Strike
0-1: Called Strike
0-2: Ball
1-2: Foul Ball, location: 2F
1-2: Ball
2-2: Ball
3-2: Strikes out swinging
Batting: RHB Sergio Dávalos 0-0: Ball
1-0: Foul Ball, location: 2F
1-1: Foul Ball, location: 2F
1-2: Ball
2-2: Fly out, F9 (Line Drive, 9, EV 96.2 MPH)
Bottom of the 4th over - 0 runs, 1 hit, 0 errors, 2 left on base; Rocky Mountain 0 - Chicago 0
TOP OF THE 5TH
Rocky Mountain Vibes batting - Pitching for Chicago Tula : RHP Tomás Ramírez
Batting: RHB Daniel Morel 0-0: Called Strike
0-1: Called Strike
0-2: Ball
1-2: Ball
2-2: Ball
3-2: Fly out, F8 (Flyball, 8RM, EV 88.1 MPH)
Batting: RHB Juan Rea 0-0: Called Strike
0-1: Ball
1-1: Called Strike
1-2: Ball
2-2: Strikes out swinging
Batting: RHB Magnus Fjord 0-0: Called Strike
0-1: Ball
1-1: Ball
2-1: SINGLE (Line Drive, 78M, EV 100.6 MPH)
Batting: RHB Ramón Semprún 0-0: Ball
1-0: Fielders Choice at 2nd, 6-4 (Groundball, 6, EV 85.6 MPH)
Top of the 5th over - 0 runs, 1 hit, 0 errors, 1 left on base; Rocky Mountain 0 - Chicago 0
BOTTOM OF THE 5TH
Chicago Tula batting - Pitching for Rocky Mountain Vibes : RHP Juan Carmona
Batting: RHB Jeff Weber 0-0: Ball
1-0: Called Strike
1-1: Foul Ball, location: 2F
1-2: Fly out, F2 (Popup, 23F, EV 81.2 MPH)
Batting: RHB John Montgomery 0-0: Foul Ball, location: 2F
0-1: Foul Ball, location: 2F
0-2: Ball
1-2: Foul Ball, location: 2F
1-2: Foul Ball, location: 2F
1-2: Foul Ball, location: 2F
1-2: Foul Ball, location: 2F
1-2: Ball
2-2: Ball
3-2: Fly out, F9 (Flyball, 9, EV 83.1 MPH)
Batting: RHB Jorge Díaz 0-0: Swinging Strike
0-1: Fly out, F8 (Line Drive, 8LD, EV 88.1 MPH)
Bottom of the 5th over - 0 runs, 0 hits, 0 errors, 0 left on base; Rocky Mountain 0 - Chicago 0
TOP OF THE 6TH
Rocky Mountain Vibes batting - Pitching for Chicago Tula : RHP Tomás Ramírez
Batting: RHB Benoît Baudry 0-0: Ball
1-0: Foul Ball, location: 3F, Error on foul ball, E3
1-1: Ball
2-1: Called Strike
2-2: Fly out, F9 (Line Drive, 9, EV 88.1 MPH)
Batting: SHB William Anderson 0-0: Foul Ball, location: 2F
0-1: Ball
1-1: Ball
2-1: Ball
3-1: Foul Ball, location: 2F
3-2: Ground out 1-3 (Groundball, P, EV 82.5 MPH)
Batting: RHB Uoti Vaijärvi 0-0: Ball
1-0: Called Strike
1-1: Swinging Strike
1-2: Strikes out swinging
Top of the 6th over - 0 runs, 0 hits, 1 error, 0 left on base; Rocky Mountain 0 - Chicago 0
BOTTOM OF THE 6TH
Chicago Tula batting - Pitching for Rocky Mountain Vibes : RHP Juan Carmona
Batting: RHB Cédric Dumas 0-0: Foul Ball, location: 2F
0-1: Ball
1-1: Called Strike
1-2: Strikes out swinging
Batting: LHB Greg Rogers 0-0: Called Strike
0-1: Ball
1-1: Ball
2-1: Called Strike
2-2: Ball
3-2: Foul Ball, location: 2F
3-2: Base on Balls
Batting: RHB Guillermo Dettori 0-0: Called Strike
Greg Rogers steals 2nd base
0-1: Swinging Strike
0-2: Ball
1-2: Ball
2-2: Strikes out swinging
Batting: LHB Carlos Díaz 0-0: Ball
1-0: Called Strike
1-1: Ground out 6-3 (Groundball, 6, EV 83.8 MPH)
Bottom of the 6th over - 0 runs, 0 hits, 0 errors, 1 left on base; Rocky Mountain 0 - Chicago 0
TOP OF THE 7TH
Rocky Mountain Vibes batting - Pitching for Chicago Tula : RHP Tomás Ramírez
Batting: LHB Alexandre Prost 0-0: Called Strike
0-1: Ball
1-1: Foul Ball, location: 2F
1-2: Ball
2-2: Foul Ball, location: 2F
2-2: Fly out, F7 (Flyball, 7S, EV 91.2 MPH)
Batting: RHB Mark Fontenot 0-0: Ball
1-0: Foul Ball, location: 2F
1-1: SINGLE (Groundball, 25, EV 70.0 MPH) (infield hit)
Pitching: RHP Sean Jones
Batting: RHB Daniel Morel 0-0: Called Strike
0-1: Swinging Strike
0-2: Ball
Mark Fontenot steals 2nd base
1-2: Ball
2-2: Ball
3-2: Base on Balls
Batting: RHB Juan Rea 0-0: SINGLE (Line Drive, 78M, EV 100.0 MPH)
Mark Fontenot to third
Daniel Morel to second
Runner from 3rd tries for Home, SAFE, throw by LF to home
Batting: RHB Magnus Fjord 0-0: Ball
1-0: Called Strike
1-1: Ball
2-1: Ball
3-1: Base on Balls
Daniel Morel to third
Juan Rea to second
Batting: RHB Ramón Semprún 0-0: Ball
Wild Pitch!
Daniel Morel scores
Juan Rea to third
Magnus Fjord to second
1-0: Foul Ball, location: 2F
1-1: SINGLE (Groundball, 6D, EV 99.4 MPH)
Juan Rea scores
Magnus Fjord to third
Batting: RHB Benoît Baudry 0-0: Swinging Strike
0-1: Called Strike
0-2: Strikes out swinging
Batting: SHB William Anderson 0-0: Called Strike
0-1: Swinging Strike
0-2: Ball
1-2: Ball
2-2: Ball
3-2: Strikes out swinging
Top of the 7th over - 3 runs, 3 hits, 0 errors, 2 left on base; Rocky Mountain 3 - Chicago 0
BOTTOM OF THE 7TH
Chicago Tula batting - Pitching for Rocky Mountain Vibes : RHP Juan Carmona
Batting: RHB Henry Dalton 0-0: Ball
1-0: Ball
2-0: Called Strike
2-1: Foul Ball, location: 2F
2-2: Ball
3-2: Foul Ball, location: 2F
3-2: Foul Ball, location: 2F
3-2: Strikes out swinging
Pitching: RHP José Luján
Batting: RHB Sergio Dávalos 0-0: Ball
1-0: Foul Ball, location: 2F
1-1: Ball
2-1: Foul Ball, location: 2F
2-2: Ball
3-2: Fly out, F8 (Line Drive, 8LD, EV 93.1 MPH)
Batting: RHB Jeff Weber 0-0: Called Strike
0-1: Foul Ball, location: 2F
0-2: Ball
1-2: Ball
2-2: Foul Ball, location: 2F
2-2: Foul Ball, location: 2F
2-2: Foul Ball, location: 2F
2-2: Strikes out looking
Bottom of the 7th over - 0 runs, 0 hits, 0 errors, 0 left on base; Rocky Mountain 3 - Chicago 0
TOP OF THE 8TH
Rocky Mountain Vibes batting - Pitching for Chicago Tula : RHP Sean Jones
Batting: RHB Uoti Vaijärvi 0-0: Ball
1-0: Foul Ball, location: 2F
1-1: Ball
2-1: Foul Ball, location: 2F
2-2: DOUBLE (Flyball, 8LXD, EV 92.5 MPH)
Batting: LHB Alexandre Prost 0-0: Ball
1-0: Ball
2-0: Called Strike
2-1: Bunted foul
2-2: Ball
3-2: Fly out, F8 (Flyball, 8RXD, EV 100.6 MPH)
Runner from 2nd tags up, SAFE at 3rd, no throw by CF
Batting: RHB Mark Fontenot 0-0: Called Strike
0-1: Swinging Strike
0-2: Strikes out looking
Batting: RHB Daniel Morel 0-0: Ball
1-0: Ball
2-0: Ball
3-0: Called Strike
3-1: Ground out 5-3 (Groundball, 56S, EV 86.2 MPH)
Top of the 8th over - 0 runs, 1 hit, 0 errors, 1 left on base; Rocky Mountain 3 - Chicago 0
BOTTOM OF THE 8TH
Chicago Tula batting - Pitching for Rocky Mountain Vibes : RHP José Luján
Batting: RHB John Montgomery 0-0: Swinging Strike
0-1: Called Strike
0-2: Foul Ball, location: 2F
0-2: Ball
1-2: Ground out 6-3 (Groundball, 6, EV 86.9 MPH)
Batting: RHB Jorge Díaz 0-0: Ball
1-0: Called Strike
1-1: Foul Ball, location: 2F
1-2: Ball
2-2: Foul Ball, location: 2F
2-2: Fly out, F8 (Flyball, 8RXD, EV 91.9 MPH)
Pitching: RHP Erwin Shelley
Batting: RHB Cédric Dumas 0-0: Ball
1-0: Swinging Strike
1-1: Ball
2-1: Swinging Strike
2-2: Strikes out swinging
Bottom of the 8th over - 0 runs, 0 hits, 0 errors, 0 left on base; Rocky Mountain 3 - Chicago 0
TOP OF THE 9TH
Rocky Mountain Vibes batting - Pitching for Chicago Tula : RHP Sean Jones
Batting: RHB Juan Rea 0-0: Called Strike
0-1: Ground out 6-3 (Groundball, 6, EV 84.4 MPH)
Batting: RHB Magnus Fjord 0-0: Ball
1-0: Ball
2-0: Ball
3-0: Called Strike
3-1: Ground out 6-3 (Groundball, 6, EV 90.0 MPH)
Batting: RHB Ramón Semprún 0-0: Ball
1-0: Foul Ball, location: 2F
1-1: Foul Ball, location: 2F
1-2: Ball
2-2: Foul Ball, location: 2F
2-2: Ground out 5-3 (Groundball, 56S, EV 90.0 MPH)
Top of the 9th over - 0 runs, 0 hits, 0 errors, 0 left on base; Rocky Mountain 3 - Chicago 0
BOTTOM OF THE 9TH
Chicago Tula batting - Pitching for Rocky Mountain Vibes : RHP Erwin Shelley
Pitching: LHP Kenny Pollock
Now in LF: Eugene Taylor
Batting: LHB Greg Rogers 0-0: Ball
1-0: Ball
2-0: Ground out 4-3 (Groundball, 4, EV 105.6 MPH)
Batting: RHB Guillermo Dettori 0-0: Ball
1-0: Ball
2-0: Ball
3-0: SINGLE (Groundball, 56, EV 96.9 MPH)
Batting: LHB Carlos Díaz 0-0: Ball
1-0: Ball
2-0: Called Strike
2-1: Ball
3-1: Base on Balls
Guillermo Dettori to second
Batting: RHB Henry Dalton 0-0: Ball
1-0: Ball
2-0: Grounds into double play, 6-4-3 (Groundball, 6, EV 80.6 MPH)
Bottom of the 9th over - 0 runs, 1 hit, 0 errors, 1 left on base; Rocky Mountain 3 - Chicago 0
Tuesday, January 5th, 2021 - OOTP Baseball 20.8 Build 74